 Dungeon Crawl Stone Soup version 0.28.0 (webtiles) character file.

Game seed: 13464562785746220061

30395 Host24 the Sharpshooter (level 13, 0/82 HPs)
             Began as a Kobold Hunter on Feb 20, 2022.
             Was a High Priest of Okawaru.
             Killed from afar by a frost giant (25 damage)
             ... with a bolt of cold
             ... in an ice cave.
             The game lasted 01:22:21 (16152 turns).

Host24 the Sharpshooter (Kobold Hunter)            Turns: 16152, Time: 01:22:21

Health: 0/82       AC: 22    Str: 19    XL:     13   Next: 88%
Magic:  15/20      EV: 23    Int: 13    God:    Okawaru [*****.]
Gold:   991        SH:  0    Dex: 16    Spells: 17/22 levels left

rFire   . . .      SeeInvis .   a - +2 hand crossbow
rCold   . . .      Faith    .   (no shield)
rNeg    . . .      Spirit   .   S - +3 leather armour
rPois   .          Reflect  .   t - +2 hat
rElec   .          Harm     .   u - +2 cloak
rCorr   .          Rampage  +   A - +2 pair of gloves
Will    .....                   q - +2 pair of boots {rampage}
Stlth   +++++.....              O - amulet of regeneration
HPRegen 1.03/turn               I - ring of Propriety {Str+6 Stlth+}
MPRegen 0.17/turn               J - +4 ring of protection

@: heroic, finesse-ful, hasted, very quick
A: small, no large weapons, nightstalker 3
a: Renounce Religion, Heroism, Finesse, Duel


You were in an ice cave.
You worshipped Okawaru.
Okawaru was extremely pleased with you.
You visited 2 branches of the dungeon, and saw 14 of its levels.
You also visited: Ice Cave and Volcano.

You collected 1043 gold pieces.
You spent 52 gold pieces at shops.

Inventory:

Hand Weapons
 a - a +2 hand crossbow (weapon)
 c - a +2 shortbow of flaming
 n - a +0 hunting sling
 H - a +5 vampiric dagger
Missiles
 d - 179 bolts (quivered ammo)
 e - 14 sling bullets
 g - 269 stones
 k - 20 arrows
Armour
 q - a +2 pair of boots of rampaging (worn)
 t - a +2 hat (worn)
 u - a +2 cloak (worn)
 A - a +2 pair of gloves (worn)
 E - a +0 pair of gloves of hurling
 K - a +2 plate armour of fire resistance
 Q - a +0 kite shield of fire resistance
 S - a +3 leather armour (worn)
 U - a +2 leather armour of fire resistance
Jewellery
 m - a ring of positive energy
 I - the ring of Propriety (left hand) {Str+6 Stlth+}
   (You found it on level 5 of the Dungeon)

   [ring of strength]

   Str:       It affects your strength (+6).
   Stlth:     It makes you more stealthy.
 J - a +4 ring of protection (right hand)
 O - an amulet of regeneration (around neck)
Wands
 x - a wand of paralysis (7)
 F - a wand of iceblast (13)
 L - a wand of polymorph (9)
 R - a wand of acid (10)
 V - a wand of charming (7)
Scrolls
 b - 2 scrolls of fog
 h - 7 scrolls of fear
 l - 2 scrolls of noise {unknown}
 p - a scroll of torment {unknown}
 s - a scroll of silence
 y - 2 scrolls of immolation
 G - a scroll of enchant armour {unknown}
 M - 4 scrolls of teleportation
Potions
 f - a potion of berserk rage
 i - a potion of might
 j - a potion of resistance
 o - 3 potions of invisibility
 r - a potion of experience {unknown}
 v - 5 potions of curing
 w - a potion of ambrosia
 z - a potion of cancellation
 B - 3 potions of haste
 D - a potion of magic
 N - a potion of flight
 P - 2 potions of mutation


   Skills:
 - Level 10.0(15.0) Fighting
 - Level 18.0(23.0) Crossbows
 - Level 2.0(7.0) Armour
 + Level 9.3(14.3) Dodging
 - Level 1.3(6.3) Stealth
 - Level 5.1 Spellcasting
 - Level 4.4 Hexes
 - Level 4.4 Translocations
 - Level 5.2 Transmutations
 - Level 8.2 Invocations


You had 17 spell levels left.
You knew the following spells:

 Your Spells              Type           Power      Damage    Failure   Level
a - Wereblood             Tmut           16%        N/A       3%          2
b - Portal Projectile     Hex/Tloc       28%        N/A       11%         3

Your spell library contained the following spells:

 Spells                   Type           Power      Damage    Failure   Level
 Beastly Appendage        Tmut           32%        N/A       2%          1
 Shock                    Conj/Air       12%        1d3       22%         1
 Spider Form              Tmut/Pois      10%        N/A       22%         3
 Inner Flame              Hex/Fire       9%         N/A       26%         3
 Corpse Rot               Necr/Air       6%         N/A       32%         2
 Poisonous Vapours        Pois/Air       6%         N/A       32%         2
 Cause Fear               Hex            7%         N/A       34%         4
 Frozen Ramparts          Ice            6%         1d2       54%         3
 Swiftness                Air            3%         N/A       54%         3
 Ice Form                 Ice/Tmut       10%        N/A       58%         4
 Leda's Liquefaction      Hex/Erth       4%         N/A       63%         4
 Airstrike                Air            1%         N/A       91%         4
 Freezing Cloud           Conj/Ice/Air   1%         6-21      99%         5
 Discord                  Hex            7%         N/A       100%        8
 Polar Vortex             Ice            1%         N/A       100%        9
 Call Canine Familiar     Summ           Unusable   N/A       N/A         3
 Summon Ice Beast         Ice/Summ       Unusable   N/A       N/A         4
 Simulacrum               Ice/Necr       Unusable   N/A       N/A         6

Dungeon Overview and Level Annotations

Branches:
Dungeon (10/15)            Temple (0/1) D:6            Lair (4/6) D:9
  Swamp (0/4) Lair:4        Snake (0/4) Lair:4          Orc (0/2) D:9
  IceCv (1/1)             Volcano (visited)

Altars:
Okawaru
Uskayaw
Wu Jian
Xom

Shops:
D:3 *   D:4 [   D:5 *

Annotations:
D:9 3 runed translucent doors, edsrzf's ghost, novice FoNe
Lair:1 exclusion: 3 oklob plants
Lair:3 Vixxxy's ghost, journeyman MiFi


Innate Abilities, Weirdness & Mutations

You are small and have problems with some larger weapons.
You are completely attuned to the shadows.


Message History

The frost giant is lightly wounded.
Fire: 183 bolts
Press: ? - help, Q - select action, (/) - cycle Shift-Dir - straight line, f/p - frost giant
Aim: a frost giant, wielding a +2 battleaxe of freezing (lightly wounded, 91% to hit)
You shoot a bolt. The bolt hits the frost giant.
The frost giant is moderately wounded.
The frost giant hits you with a +2 battleaxe of freezing!
The frost giant freezes you.
Fire: 182 bolts
Press: ? - help, Q - select action, (/) - cycle Shift-Dir - straight line, f/p - frost giant
Aim: a frost giant, wielding a +2 battleaxe of freezing (moderately wounded, 91% to hit)
You shoot a bolt. The bolt hits the frost giant!
The frost giant is moderately wounded.
Fire: 181 bolts
Press: ? - help, Q - select action, (/) - cycle Shift-Dir - straight line, f/p - frost giant
Aim: a frost giant, wielding a +2 battleaxe of freezing (moderately wounded, 91% to hit)
You shoot a bolt. The bolt hits the frost giant!!
The frost giant is heavily wounded.
The frost giant gestures at you while chanting.
The bolt of cold hits you!!!
Ouch! That really hurt!
* * * LOW HITPOINT WARNING * * *
Fire: 180 bolts
Press: ? - help, Q - select action, (/) - cycle Shift-Dir - straight line, f/p - frost giant
Aim: a frost giant, wielding a +2 battleaxe of freezing (heavily wounded, 91% to hit)
You shoot a bolt. The bolt hits the frost giant!
The frost giant is severely wounded.
You feel much better.
The frost giant gestures at you while chanting.
The bolt of cold misses you.
You feel better.
The frost giant hits you with a +2 battleaxe of freezing!
* * * LOW HITPOINT WARNING * * *
The frost giant freezes you.
* * * LOW HITPOINT WARNING * * *
You feel yourself speed up. The frost giant misses you.
You see here a polar bear corpse.
The frost giant gestures at you while chanting.
The bolt of cold hits you!!
You die...

###.(.. ##......
##..(.... #...#....
#...#.$$. #.......
#...##}C) ##.......
##..C###. ##........
###...####........#
### ##...@........#
###..
####.........####...#
########...#....##
###...#### #####


You could see a frost giant.

Vanquished Creatures
  A hydra (Lair:1)
  Erolcha (D:10)
  3 two-headed ogres
  4 death yaks (IceCv)
  A deep elf archer (Volcano)
  4 deep elf pyromancers (Volcano)
  5 black mambas
  An ice statue (IceCv)
  5 cane toads
  14 rime drakes
  An unseen horror (D:10)
  A troll (D:9)
  5 polar bears (IceCv)
  7 blink frogs
  A hornet (D:9)
  A shadow (D:9)
  A wraith (D:10)
  Eustachio (D:4)
  23 yaks
  2 steam dragons
  6 fire elementals (Volcano)
  13 water moccasins
  6 hell hounds (Volcano)
  4 black bears
  4 orc warriors
  3 sky beasts
  4 ogres
  16 wolves
  6 centaurs
  2 kobold brigands
  A phantom (D:7)
  7 bullfrogs
  A wyvern zombie (D:7)
  A gnoll sergeant (D:9)
  3 scorpions
  15 killer bees
  3 electric eels (D:9)
  A howler monkey (D:5)
  A bullfrog zombie (D:5)
  2 centaur zombies
  4 jellies
  A bullfrog skeleton (D:5)
  3 centaur skeletons
  5 orc priests
  8 hounds
  2 gnoll shamans
  2 iguanas (D:5)
  6 orc wizards
  A hound skeleton (D:4)
  A howler monkey zombie (D:8)
  15 gnolls
  6 adders
  A shadow imp (D:8)
  A white imp (D:5)
  An adder skeleton (D:4)
  2 dart slugs (D:5)
  29 orcs
  8 endoplasms
  4 giant cockroaches
  8 goblins
  8 hobgoblins
  14 kobolds
  4 quokkas
  8 ball pythons
  6 bats
  5 frilled lizards
  6 rats
340 creatures vanquished.

Vanquished Creatures (others)
  3 fungi
  15 plants
18 creatures vanquished.

Grand Total: 358 creatures vanquished

Notes
Turn   | Place    | Note
-------+----------+-------------------------------------------
     0 | D:1      | Host24 the Kobold Hunter began the quest for the Orb.
     0 | D:1      | Reached XP level 1. HP: 12/12 MP: 1/1
    77 | D:1      | Reached skill level 5 in Crossbows
   324 | D:1      | Reached XP level 2. HP: 18/18 MP: 2/2
  1258 | D:1      | Reached XP level 3. HP: 23/23 MP: 3/3
  1644 | D:2      | Found a faded altar of an unknown god.
  2457 | D:3      | Reached XP level 4. HP: 13/28 MP: 4/4
  2931 | D:3      | Found Jabao's Assorted Antiques.
  2935 | D:3      | Bought a scroll labelled DAUMEQ LYNI for 18 gold pieces
  2935 | D:3      | Bought an orange potion for 16 gold pieces
  2935 | D:3      | Bought a scroll labelled TACHAYNL VEKHIOCU for 18 gold
                  | pieces
  2999 | D:3      | Reached skill level 6 in Crossbows
  3226 | D:3      | Found an iron altar of Okawaru.
  3241 | D:3      | Became a worshipper of Warmaster Okawaru
  3318 | D:3      | Reached XP level 5. HP: 32/32 MP: 5/5
  3581 | D:4      | Found Bidoaqiq's Armour Boutique.
  3988 | D:4      | Reached skill level 7 in Crossbows
  4180 | D:4      | Reached skill level 1 in Invocations
  4180 | D:4      | Reached XP level 6. HP: 37/37 MP: 5/7
  4469 | D:4      | Noticed Eustachio
  4480 | D:4      | Killed Eustachio
  4480 | D:4      | Reached * piety under Okawaru
  4647 | D:5      | Entered Level 5 of the Dungeon
  4690 | D:5      | Reached XP level 7. HP: 41/41 MP: 10/10
  4965 | D:5      | Reached skill level 5 in Invocations
  5413 | D:5      | Reached XP level 8. HP: 47/48 MP: 12/12
  5447 | D:5      | Reached skill level 8 in Crossbows
  5449 | D:5      | Reached ** piety under Okawaru
  5976 | D:5      | Reached skill level 9 in Crossbows
  6037 | D:5      | Identified the ring of Propriety {Str+6 Stlth+}
  6348 | D:5      | Found Ugroan's General Store.
  6709 | D:6      | Reached skill level 10 in Crossbows
  6818 | D:6      | Reached skill level 5 in Fighting
  6818 | D:6      | Reached XP level 9. HP: 30/54 MP: 11/13
  6996 | D:6      | Found a staircase to the Ecumenical Temple.
  7193 | D:6      | Reached *** piety under Okawaru
  7331 | D:6      | Found a shimmering altar of Xom.
  7744 | D:7      | Reached skill level 5 in Dodging
  8092 | D:7      | Reached **** piety under Okawaru
  8092 | D:7      | Received a gift from Okawaru
  8567 | D:8      | Reached XP level 10. HP: 57/64 MP: 13/15
  8603 | D:8      | Reached skill level 1 in Spellcasting
  8637 | D:8      | Learned a level 2 spell: Wereblood
  9528 | D:9      | Identified the +0 dagger of Massacring {protect, Dex+4}
  9619 | D:9      | Paralysed by a hornet for 1 turns
  9696 | D:9      | Noticed a two-headed ogre
  9753 | D:8      | HP: 4/96 [killer bee (1)]
  9760 | D:8      | Received a gift from Okawaru
  9948 | D:9      | Reached skill level 11 in Crossbows
 10358 | D:9      | Noticed a two-headed ogre
 10385 | D:9      | Found a staircase to the Lair.
 10462 | D:9      | Reached ***** piety under Okawaru
 10502 | D:9      | Killed a two-headed ogre
 10502 | D:9      | Received a gift from Okawaru
 10503 | D:9      | Reached skill level 12 in Crossbows
 10503 | D:9      | Reached XP level 11. HP: 68/68 MP: 10/17
 10569 | D:9      | Found a staircase to the Orcish Mines.
 10654 | D:9      | Received a gift from Okawaru
 10676 | D:9      | Reached skill level 13 in Crossbows
 10851 | D:9      | Found a runed translucent gate.
 10852 | D:9      | Found a runed translucent gate.
 10852 | D:9      | Noticed a nine-headed hydra
 10852 | D:9      | Noticed edsrzf's ghost (novice FoNe)
 10853 | D:9      | Found a runed translucent gate.
 11191 | D:10     | Entered Level 10 of the Dungeon
 11284 | D:10     | Reached skill level 1 in Armour
 11334 | D:10     | Noticed a two-headed ogre
 11362 | D:10     | Killed a two-headed ogre
 11362 | D:10     | Received a gift from Okawaru
 11363 | D:10     | Reached skill level 5 in Transmutations
 11595 | D:10     | Received a gift from Okawaru
 11600 | D:10     | Noticed Erolcha
 11612 | D:10     | Noticed a seven-headed hydra
 11614 | D:10     | Killed Erolcha
 11615 | D:10     | Reached skill level 14 in Crossbows
 11664 | D:9      | Killed a two-headed ogre
 11664 | D:9      | Received a gift from Okawaru
 11716 | Lair:1   | Entered Level 1 of the Lair of Beasts
 11765 | Lair:1   | Noticed a seven-headed hydra
 11795 | Lair:1   | Killed a seven-headed hydra
 11796 | Lair:1   | Reached skill level 15 in Crossbows
 12001 | Lair:1   | Reached XP level 12. HP: 65/74 MP: 18/18
 12173 | Lair:1   | Found an ornate altar of the Wu Jian Council.
 12173 | Lair:1   | Found a hide-covered altar of Uskayaw.
 12173 | Lair:1   | Noticed a boulder beetle
 12302 | Lair:1   | You fall into a shaft and drop 1 floor!
 12349 | Lair:2   | Reached skill level 16 in Crossbows
 12625 | Lair:2   | Received a gift from Okawaru
 12716 | Lair:2   | Received a gift from Okawaru
 12716 | Lair:2   | Found the +3 warlock's mirror {reflect}
 12726 | Lair:2   | Reached skill level 17 in Crossbows
 12838 | Lair:2   | Noticed an eight-headed hydra
 13195 | Lair:1   | Noticed a seven-headed hydra
 13495 | Lair:3   | Found a runed translucent door.
 13768 | Lair:3   | Found a dark tunnel.
 13782 | Volcano  | Entered a volcano
 13880 | Volcano  | Reached skill level 18 in Crossbows
 14063 | Volcano  | Reached XP level 13. HP: 57/78 MP: 12/19
 14952 | Lair:3   | Noticed Vixxxy's ghost (journeyman MiFi)
 15205 | Lair:4   | Reached skill level 5 in Spellcasting
 15221 | Lair:4   | Found a staircase to the Snake Pit.
 15242 | Lair:4   | Received a gift from Okawaru
 15313 | Lair:4   | Learned a level 3 spell: Portal Projectile
 15345 | Lair:4   | Reached skill level 1 in Hexes
 15345 | Lair:4   | Reached skill level 1 in Translocations
 15424 | Lair:4   | Found a frozen archway.
 15434 | IceCv    | Entered an ice cave
 15528 | IceCv    | Received a gift from Okawaru
 15620 | IceCv    | Received a gift from Okawaru
 15941 | IceCv    | Reached skill level 10 in Fighting
 15948 | IceCv    | Received a gift from Okawaru
 16131 | IceCv    | Noticed a frost giant
 16141 | IceCv    | HP: 1/82 [frost giant/bolt of cold (51)]
 16152 | IceCv    | Killed from afar by a frost giant

Illustrated notes

Levels and vault maps discovered:
D:1:      lightli_arrival_quake, layout_loops_ring
D:2:      layout_basic, hellmonk_ecumenical_altar_arch_garden,
          chequers_serial_rivers_large_a
D:3:      layout_rooms, serial_shops, nicolae_shop_stone,
          kennysheep_flooded_box, minmay_misc_feat_square, minmay_quantized
D:4:      layout_basic, nicolae_stop_n_shop_1, chequers_arboretum,
          chequers_serial_rivers_room_a, uniq_eustachio
D:5:      minmay_octagon_keep, layout_basic, serial_shops, nicolae_shop_stone
D:6:      layout_rooms, mainiacjoe_overflow_concentric_impassable,
          minmay_temple_entry_junction
D:7:      layout_loops_ring
D:8:      layout_cave_pools
D:9:      layout_rooms, erik_lair_island, david_orc_2,
          gammafunk_ghost_hydra_chop, kennysheep_small_spiral
D:10:     layout_cave_pools, hangedman_abyss_or_decor_lesser_grid, uniq_erolcha
Lair:1:   dpeg_oklob_gauntlet, layout_misc_corridors,
          nzn_masters_of_martial_movement, grunt_megastairs_1
Lair:2:   layout_roguey, infiniplex_staircase_pool_2
Lair:3:   layout_small_grid, nicolae_volcano_entry_lava_flow,
          ebering_ghost_reflecting_pool
Lair:4:   layout_cave_pods, nicolae_swamp_entry_splash_gauntlet,
          minmay_snake_entry_six_corridors, portal_ice_cave_rime,
          cheibrodos_lair_lostbears
IceCv:    ice_cave_small_giant

Skill      XL: |  1  2  3  4  5  6  7  8  9 10 11 12 13 |
---------------+----------------------------------------+-----
Crossbows      | 5 6 7 10 12 15 18 | 18.0
Fighting       | 3 4 5 8 10 | 10.0
Dodging        | 3 6 7 9 |  9.3
Invocations    | 1 4 6 7 8 |  8.2
Spellcasting   | 4 5 |  5.1
Transmutations | 3 5 |  5.2
Armour         | 2 |  2.0
Hexes          | 4 |  4.4
Translocations | 4 |  4.4
Stealth        | |  1.3

Action                   |  1- 3 |  4- 6 |  7- 9 | 10-12 | 13-15 || total
-------------------------+-------+-------+-------+-------+-------++-------
Melee: Short sword       |   146 |    96 |    18 |       |       ||   260
       Punch             |     1 |     1 |     4 |     6 |       ||    12
       Dagger            |       |       |    55 |   176 |       ||   231
 Fire: Hand crossbow     |     3 |    48 |   206 |   657 |   364 ||  1278
       Hunting sling     |       |       |       |     3 |       ||     3
 Cast: Wereblood         |       |       |       |     3 |     3 ||     6
       Portal Projectile |       |       |       |       |     1 ||     1
Invok: Heroism           |       |       |     1 |    10 |     5 ||    16
       Finesse           |       |       |       |     7 |     5 ||    12
  Use: Scroll            |       |       |       |    19 |     1 ||    20
       Potion            |       |       |       |    10 |     4 ||    14
 Stab: Sleeping          |     9 |    17 |     1 |       |       ||    27
       Distracted        |       |       |       |     1 |       ||     1
Armor: Leather armour    |    36 |    32 |    33 |   139 |   116 ||   356
       Steam dragon scal |       |       |    41 |   108 |       ||   149
       Skin              |       |       |       |    28 |       ||    28
Dodge: Dodged            |   118 |    89 |   199 |   632 |   275 ||  1313
